 Dungeon Crawl Stone Soup version 0.27-a0-1136-g0b992a5a9d (webtiles) character file.

Game seed: 8304553924148795572

291 LordDeathwing the Bolt Thrower (level 6, -3/37 HPs)
             Began as a Kobold Hunter on May 5, 2021.
             Was an Initiate of Okawaru.
             Slain by an ogre
             ... wielding a +0 giant club
              (27 damage)
             ... on level 4 of the Dungeon.
             The game lasted 00:22:10 (4535 turns).

LordDeathwing the Bolt Thrower (Kobold Hunter)      Turns: 4535, Time: 00:22:10

Health: -3/37      AC:  5    Str: 12    XL:     6   Next: 58%
Magic:  7/7        EV: 13    Int: 12    God:    Okawaru [......]
Gold:   178        SH:  5    Dex: 15    Spells: 6/7 levels left

rFire    . . .     SeeInvis .   a - +1 hand crossbow
rCold    . . .     Faith    .   (shield restricted)
rNeg     . . .     Spirit   .   r - +0 ring mail
rPois    .         Reflect  +   (no helmet)
rElec    .         Harm     .   (no cloak)
rCorr    .         Rampage  .   (no gloves)
Will     .....                  (no boots)
Stlth    +++.......             t - amulet of reflection
HPRegen  0.12/turn              (no ring)
MPRegen  0.10/turn              (no ring)

@: no status effects
A: small, no large weapons, nightstalker 3
a: Renounce Religion


You were on level 4 of the Dungeon.
You worshipped Okawaru.
Okawaru was noncommittal.
You visited 2 branches of the dungeon, and saw 5 of its levels.

You collected 178 gold pieces.

Inventory:

Hand Weapons
 a - a +1 hand crossbow (weapon)
 b - a +0 rapier
Missiles
 d - 23 bolts (quivered ammo)
Armour
 r - a +0 ring mail (worn)
 s - a +0 scale mail of cold resistance
Jewellery
 q - an amulet of magic regeneration
 t - an amulet of reflection (around neck)
Wands
 u - a wand of paralysis (2)
Scrolls
 c - 2 scrolls of immolation {unknown}
 e - 3 scrolls of teleportation {unknown}
 f - a scroll of noise {unknown}
 i - 4 scrolls of identify {unknown}
 j - a scroll of vulnerability {unknown}
 l - 2 scrolls of magic mapping {unknown}
 n - a scroll of amnesia {unknown}
 o - a scroll of enchant armour {unknown}
 v - a scroll of blinking {unknown}
Potions
 g - 2 potions of curing {unknown}
 h - 2 potions of degeneration {unknown}
 k - 2 potions of brilliance {unknown}
 m - a potion of heal wounds {unknown}
 p - a potion of haste {unknown}


   Skills:
 + Level 3.1 Fighting
 + Level 2.8 Short Blades
 * Level 5.8 Crossbows
 + Level 0.5 Armour
 - Level 3.3 Dodging
 * Level 4.6 Stealth
 + Level 1.0 Spellcasting
 + Level 0.5 Conjurations
 + Level 1.1 Air Magic


You had 6 spell levels left.
You knew the following spells:

 Your Spells              Type           Power      Damage    Failure   Level
a - Shock                 Conj/Air       8%         1d3       45%         1

Your spell library contained the following spells:

 Spells                   Type           Power      Damage    Failure   Level
 Static Discharge         Conj/Air       2%         N/A       58%         2
 Swiftness                Air            3%         N/A       78%         3
 Airstrike                Air            1%         N/A       99%         4
 Lightning Bolt           Conj/Air       1%         1d12      100%        5


Dungeon Overview and Level Annotations

Branches:
Dungeon (4/15)             Temple (1/1) D:4

Altars:
Cheibriados
Dithmenos
Fedhas
Gozag
Hepliaklqana
Kikubaaqudgha
Makhleb
Okawaru
Qazlal
Ru
Sif Muna
Trog
Uskayaw
Wu Jian
Yredelemnul
Zin
The Shining One

Shops:
D:2 (

Annotations:
D:3 exclusion: downstairs, Sigmund


Innate Abilities, Weirdness & Mutations

You are small and have problems with some larger weapons.
You are completely attuned to the shadows.


Message History

There is an open door here.
There is an open door here.
You open the door.
An ogre comes into view. It is wielding a +0 giant club.
Fire: 28 bolts
Press: ? - help, Q - select action, (/) - cycle Shift-Dir - straight line, f - ogre
Aim: an ogre, wielding a +0 giant club (asleep, 98% to hit)
You shoot a bolt. The bolt hits the ogre.
The ogre shouts!
The ogre is lightly wounded.
Fire: 27 bolts
Press: ? - help, Q - select action, (/) - cycle Shift-Dir - straight line, f/p - ogre
Aim: an ogre, wielding a +0 giant club (lightly wounded, 79% to hit)
You shoot a bolt.
The bolt hits the ogre but does no damage.
The ogre is lightly wounded.
There is an open door here.
There is an open door here.
Found a leather armour.
The ogre misses you.
Found a ring mail.
Fire: 26 bolts
Press: ? - help, Q - select action, (/) - cycle Shift-Dir - straight line, f/p - ogre
Aim: an ogre, wielding a +0 giant club (79% to hit)
You shoot a bolt. The bolt hits the ogre!
The ogre is moderately wounded.
The ogre hits you with a +0 giant club!
Fire: 25 bolts
Press: ? - help, Q - select action, (/) - cycle Shift-Dir - straight line, f/p - ogre
Aim: an ogre, wielding a +0 giant club (moderately wounded, 79% to hit)
You shoot a bolt. The bolt hits the ogre!
The ogre is severely wounded.
Fire: 24 bolts
Press: ? - help, Q - select action, (/) - cycle Shift-Dir - straight line, f/p - ogre
Aim: an ogre, wielding a +0 giant club (severely wounded, 79% to hit)
You shoot a bolt. The bolt hits the ogre.
The ogre is almost dead.
The ogre hits you with a +0 giant club!!
Ouch! That really hurt!
You die...

#....... #...... #.....#
#..[..# #...@.#
####...O.# #..[...###
###### #....(### ##....##
#....##.## #.8))8.#
#...##...# #......#
##..####.## ##....##
#..#####'######.##.### ##
#..##8#.8.#8#.##''##.###.


You could see an ogre.

Vanquished Creatures
  A black bear (D:2)
  Ijyb (D:3)
  An iguana (D:4)
  An orc wizard (D:4)
  An adder (D:4)
  An adder skeleton (D:4)
  A worm (D:3)
  2 dart slugs
  10 orcs
  2 bats
  8 endoplasms
  5 giant cockroaches
  6 hobgoblins
  11 jackals
  5 kobolds
  2 quokkas (D:4)
  9 ball pythons
  3 frilled lizards
  11 goblins
  3 rats
84 creatures vanquished.

Notes
Turn   | Place    | Note
-------+----------+-------------------------------------------
     0 | D:1      | LordDeathwing the Kobold Hunter began the quest for the
                  | Orb.
     0 | D:1      | Reached XP level 1. HP: 12/12 MP: 1/1
   123 | D:1      | Reached XP level 2. HP: 17/17 MP: 2/2
   202 | D:1      | Reached skill level 5 in Crossbows
   208 | D:1      | Reached skill level 1 in Short Blades
   250 | D:1      | Reached XP level 3. HP: 22/22 MP: 3/3
   827 | D:2      | Noticed a black bear
   845 | D:2      | Killed a black bear
   846 | D:2      | Reached XP level 4. HP: 6/27 MP: 4/4
   846 | D:2      | Reached XP level 5. HP: 7/32 MP: 5/5
  1414 | D:2      | Found a faded altar of an unknown god.
  1562 | D:2      | Learned a level 1 spell: Shock
  1930 | D:2      | Found Ywkuddur's Weapon Boutique.
  2554 | D:3      | Noticed Sigmund
  2908 | D:3      | Noticed Ijyb
  2912 | D:3      | Paralysed by Ijyb for 6 turns
  2926 | D:3      | Killed Ijyb
  2927 | D:3      | Reached XP level 6. HP: 16/37 MP: 6/6
  3578 | D:4      | Found a staircase to the Ecumenical Temple.
  3601 | Temple   | Entered the Ecumenical Temple
  3733 | Temple   | Became a worshipper of Warmaster Okawaru
  3853 | D:4      | Found an ornate altar of the Wu Jian Council.
  3864 | D:4      | Found a glowing silver altar of Zin.
  3867 | D:4      | Found a shadowy altar of Dithmenos.
  3869 | D:4      | Found a hide-covered altar of Uskayaw.
  3916 | D:4      | Reached skill level 1 in Air Magic
  3978 | D:4      | Reached skill level 1 in Spellcasting
  4458 | D:4      | Noticed an ogre
  4535 | D:4      | Slain by an ogre

Illustrated notes

Levels and vault maps discovered:
D:1:      giann_horns, layout_loops_ring, skrybe_limestone_x,
          supply_closet_lemuel
D:2:      layout_basic, hellmonk_ecumenical_altar_leap_of_faith, serial_shops,
          shop
D:3:      kennysheep_goblin_castle, layout_basic, minmay_statues_item,
          chequers_serial_rivers_micro_a, uniq_ijyb, uniq_sigmund
D:4:      layout_basic, minitemple, minmay_temple_entry_statues_pillars,
          wad_orctagon
Temple:   nicolae_temple_god_jail

Skill      XL: |  1  2  3  4  5  6 |
---------------+-------------------+-----
Stealth        | 2 4 |  4.6
Crossbows      | 5 |  5.8
Short Blades   | 1 2 |  2.8
Dodging        | 3 |  3.3
Fighting       | 3 |  3.1
Air Magic      | 1 |  1.1
Spellcasting   | 1 |  1.0
Armour         | |  0.5
Conjurations   | |  0.5

Action                   |  1- 3 |  4- 6 || total
-------------------------+-------+-------++-------
Melee: Short sword       |     2 |     1 ||     3
       Rapier            |       |    11 ||    11
 Fire: Hand crossbow     |    64 |   124 ||   188
 Stab: Sleeping          |       |     1 ||     1
Armor: Leather armour    |     6 |     1 ||     7
       Ring mail         |       |     9 ||     9
Dodge: Dodged            |    30 |    30 ||    60
Block: Other             |       |    12 ||    12

Table legend: (Time is in decaauts)
 A = Elapsed time spent in this place.
 B = Non-inter-level travel time spent in this place.
 C = Inter-level travel time spent in this place.
 D = Time resting spent in this place.
 E = Time spent auto-exploring this place.
 F = Levels seen in this place.
 G = Mean time per level.
                   A        B        C        D        E       F      G
               +--------+--------+--------+--------+--------+-----+--------+
         Total |   4578 |   4461 |    117 |    525 |   3039 |   5 |  915.6 |
       Dungeon |   4429 |   4312 |    117 |    525 |   2939 |   4 | 1107.2 |
        Temple |    149 |    149 |      0 |      0 |    100 |   1 |  149.0 |
               +--------+--------+--------+--------+--------+-----+--------+

Top non-repeatable levels by time:
     D:3: 1405 daAuts
     D:2: 1310 daAuts
     D:4: 916 daAuts
     D:1: 797 daAuts
  Temple: 149 daAuts
